 Dungeon Crawl Stone Soup version 0.17-a0-1-g1f4be75 (webtiles) character file.

143 Gronka the Covered (level 5, -5/41 HPs)
             Began as a Human Fighter on Mar 5, 2015.
             Was an Initiate of Nemelex Xobeh.
             Slain by an orc
             ... wielding a +0 hand axe of electrocution
              (10 damage)
             ... on level 4 of the Dungeon.
             The game lasted 00:05:30 (2280 turns).

Gronka the Covered (Human Fighter)                  Turns: 2280, Time: 00:05:30

Health: -5/41      AC: 10    Str: 17    XL:     5   Next: 50%
Magic:  5/5        EV: 10    Int:  8    God:    Nemelex Xobeh [......]
Gold:   188        SH:  9    Dex: 18    Spells: 0 memorised, 4 levels left

rFire  . . .     SeeInvis .     a - +0 long sword
rCold  . . .     Clarity  .     i - +0 chain mail
rNeg   . . .     SustAb   .     c - +0 shield
rPois  .         Gourm    .     (no helmet)
rElec  .         Spirit   .     (no cloak)
rCorr  +         Warding  .     (no gloves)
rMut   .         Stasis   .     u - +0 pair of boots
MR     .....                    j - amulet of resist corrosion
Stlth  ..........               (no ring)
                                (no ring)

@: agile, lethally poisoned (-5 -> -7), not resistant to hostile enchantments,
extremely unstealthy
A: no striking features
a: Renounce Religion


You were on level 4 of the Dungeon.
You worshipped Nemelex Xobeh.
Nemelex Xobeh was noncommittal.
You were not hungry.

You visited 1 branch of the dungeon, and saw 4 of its levels.

You collected 188 gold pieces.

Inventory:

Hand weapons
 a - a +0 long sword (weapon)
Armour
 b - a +0 scale mail
 c - a +0 shield (worn)
 i - a +0 chain mail (worn)
 u - a +0 pair of boots (worn)
Jewellery
 j - an amulet of resist corrosion (around neck)
Magical devices
 t - a wand of slowing (13)
Scrolls
 l - 3 scrolls of teleportation {unknown}
 m - 2 scrolls of immolation {unknown}
 n - 4 scrolls of remove curse {unknown}
 o - a scroll of fog {unknown}
 p - a scroll of amnesia {unknown}
 r - 2 scrolls of noise {unknown}
 v - a scroll of identify {unknown}
Potions
 e - 2 potions of might
 g - 2 potions of agility
 h - a potion of heal wounds
 k - a potion of cancellation {unknown}
 s - 2 potions of poison
Books
 q - a book of the Sky

   Spells                             Type                      Level
   a - Flight                         Charms/Air                   3
   b - Airstrike                      Air                          4
   c - Silence                        Hexes/Air                    5
   d - Deflect Missiles               Charms/Air                   6
   e - Conjure Ball Lightning         Conjuration/Air              6
   f - Tornado                        Air                          9
Miscellaneous
 w - a plain deck of destruction
Comestibles
 d - 3 bread rations
 f - 2 fruits


   Skills:
 + Level 3.6 Fighting
 + Level 3.0 Long Blades
 + Level 4.0 Armour
 + Level 1.0 Dodging
 + Level 0.2 Stealth
 + Level 3.7 Shields


You had 4 spell levels left.
You didn't know any spells.

Dungeon Overview and Level Annotations

Branches:
Dungeon (4/15)
 Temple: D:4-7

Altars:
Elyvilon
Makhleb
Nemelex Xobeh


Message History

The scorpion is almost dead.
The goblin hits you but does no damage. The scorpion stings you.
You block the orc's attack.
You barely miss the scorpion.
The scorpion is almost dead.
You feel sick. The goblin hits you with a dagger. The scorpion stings you!
* * * LOW HITPOINT WARNING * * *
You block the orc's attack. The goblin hits you but does no damage.
The scorpion stings you.
* * * LOW HITPOINT WARNING * * *
You hit the scorpion but do no damage.
The scorpion is almost dead.
The orc hits you but does no damage. The goblin misses you.
The scorpion stings you.
* * * LOW HITPOINT WARNING * * *
You closely miss the scorpion.
The scorpion is almost dead.
You feel sick. The orc hits you but does no damage.
You are electrocuted!
You die...
Your body disappears without a glow.

#.....#...........
#.....#......##...
#.....#..<...#
#.....###....#
#...)......##
#...)[......+
#.....!....##
#.........##
#.......@g#
#.......so......#
#...............
#...............
#............#..
######....##
#....# #....# #..


You could see a scorpion, an orc and a goblin.

Vanquished Creatures
  A hound (D:4)
  A gnoll (D:1)
  3 adders
  A worm (D:3)
  An ooze (D:3)
  4 orcs
  5 giant cockroaches
  9 goblins
  5 hobgoblins
  2 jackals (D:1)
  12 kobolds
  5 quokkas
  A bat (D:1)
  3 giant geckos
  2 giant newts
  8 rats
63 creatures vanquished.

Notes
Turn   | Place    | Note
--------------------------------------------------------------
     0 | D:1      | Gronka, the Human Fighter, began the quest for the Orb.
     0 | D:1      | Reached XP level 1. HP: 18/18 MP: 1/1
    64 | D:1      | Reached XP level 2. HP: 17/24 MP: 2/2
   350 | D:1      | Reached XP level 3. HP: 27/29 MP: 3/3
  1022 | D:2      | Reached XP level 4. HP: 32/35 MP: 4/4
  1582 | D:3      | Found a sparkling altar of Nemelex Xobeh.
  1629 | D:3      | Became a worshipper of Nemelex Xobeh the Trickster
  1725 | D:3      | Found a burning altar of Makhleb.
  1754 | D:3      | Received a gift from Nemelex Xobeh
  1809 | D:3      | Found a white marble altar of Elyvilon.
  1825 | D:3      | Reached XP level 5. HP: 35/41 MP: 5/5
  2230 | D:4      | Reached skill level 4 in Armour
  2230 | D:4      | Reached skill level 1 in Dodging
  2268 | D:4      | HP: 2/41 [poison (a potion of poison)]
  2280 | D:4      | Slain by an orc

Action                   |  1- 3 |  4- 6 || total
-------------------------+-------+-------++-------
Melee: Long sword        |   101 |   129 ||   230
  Use: Potion            |       |     4 ||     4
  Eat: Bread ration      |     1 |       ||     1
